 Dungeon Crawl Stone Soup version 0.29.1-2-gbd0b4ee654 (webtiles) character file.

Game seed: 3494949823610675328

3169 GorkyZ the Shield-Bearer (level 10, -3/77 HPs)
             Began as a Formicid Fighter on Nov 21, 2022.
             Was an Initiate of Gozag.
             Shot with an arrow by a centaur (7 damage)
             ... on level 7 of the Dungeon.
             The game lasted 00:32:01 (9102 turns).

GorkyZ the Shield-Bearer (Formicid Fighter)         Turns: 9102, Time: 00:32:01

Health: -3/77      AC: 17    Str: 28    XL:     10   Next: 16%
Magic:  10/10      EV:  8    Int:  7    God:    Gozag
Gold:   714        SH: 12    Dex: 17    Spells: 9/9 levels left

rFire   . . .      SeeInvis +   J - +1 trident (flame)
rCold   . . .      Faith    .   G - +1 kite shield of Contentment {Str+2 Dex+4 Stlth+}
rNeg    . . .      Spirit   .   m - +1 plate armour
rPois   .          Reflect  .   (helmet unavailable)
rElec   .          Harm     .   k - +0 cloak
rCorr   +          Rampage  .   n - +0 pair of gloves
Will    +....                   K - +0 pair of boots
Stlth   ..........              (no amulet)
HPRegen 0.22/turn               v - ring of resist corrosion
MPRegen 0.12/turn               (no ring)

@: no status effects
A: permanent stasis, dig shafts and tunnels, antennae 3, four strong arms
a: Dig, Shaft Self, Renounce Religion, Potion Petition, Call Merchant, Bribe
Branch


You were on level 7 of the Dungeon.
You worshipped Gozag.
Gozag was pleased with you.
You visited 2 branches of the dungeon, and saw 9 of its levels.

You collected 776 gold pieces.
You paid 62 gold pieces to Gozag.

Inventory:

Hand Weapons
 a - a +1 trident
 i - a +0 halberd
 u - a +0 war axe
 D - a +3 quarterstaff of chaos
 J - a +1 trident of flaming (weapon)
Missiles
 l - 12 poisoned darts
 r - 3 atropa-tipped darts (quivered)
 y - 4 boomerangs
 z - 3 curare-tipped darts
 B - a throwing net
Armour
 b - a +0 scale mail
 c - a +0 buckler
 k - a +0 cloak (worn)
 m - a +1 plate armour (worn)
 n - a +0 pair of gloves (worn)
 q - a +2 ring mail of cold resistance
 G - the +1 kite shield of Contentment (worn) {Str+2 Dex+4 Stlth+}
   (You acquired it on level 6 of the Dungeon)

   Str:       It affects your strength (+2).
   Dex:       It affects your dexterity (+4).
   Stlth:     It makes you more stealthy.
 K - a +0 pair of boots (worn)
Jewellery
 v - a ring of resist corrosion (left hand)
 E - a ring of protection from cold
Wands
 j - a wand of digging (2)
 w - a wand of polymorph (7)
 A - a wand of paralysis (17)
Scrolls
 g - a scroll of blinking
 o - 3 scrolls of teleportation
 x - a scroll of fear
 F - a scroll of immolation
Potions
 d - 2 potions of might
 e - a potion of magic
 f - 2 potions of resistance
 h - 2 potions of curing
 p - a potion of brilliance
 s - a potion of flight
 t - 3 potions of heal wounds
 C - a potion of invisibility
 H - a potion of lignification
 I - a potion of cancellation {unknown}
 L - a potion of berserk rage {unknown}


   Skills:
 + Level 6.5 Fighting
 + Level 5.4 Polearms
 + Level 4.9 Throwing
 + Level 6.5 Armour
 + Level 4.4 Dodging
 + Level 7.8 Shields
 + Level 5.4 Evocations


You had 9 spell levels left.
You didn't know any spells.
Your spell library contained the following spells:

 Spells                   Type           Power      Damage    Failure   Level
 Freeze                   Ice            0%         1d3       100%        1
 Ensorcelled Hibernation  Hex/Ice        0%         N/A       100%        2
 Passwall                 Tmut/Erth      0%         N/A       100%        2
 Frozen Ramparts          Ice            0%         1d1       100%        3
 Hailstorm                Conj/Ice       0%         3d3       100%        4
 Swiftness                Air            Unusable   N/A       N/A         3

Dungeon Overview and Level Annotations

Branches:
Dungeon (8/15)             Temple (1/1) D:4
   Lair: D:8-11

Altars:
Ashenzari
Cheibriados
Elyvilon
Fedhas
Gozag
Hepliaklqana
Kikubaaqudgha
Makhleb
Nemelex Xobeh
Okawaru
Qazlal
Ru
Sif Muna
Trog
Uskayaw
Vehumet
Wu Jian
Xom
Zin
The Shining One


Innate Abilities, Weirdness & Mutations

You cannot be hasted, slowed, berserked, paralysed or teleported.
You can dig through walls and to a lower floor.
You have a pair of large antennae on your head. (SInv)
Your four strong arms can wield two-handed weapons with a shield.


Message History

The arrow hits you but does no damage.
Things that are here:
6 stones; 23 gold pieces; a +0 shortbow The centaur shoots an arrow.
The arrow hits you. The orc wizard casts a spell at you.
You are confused.
The centaur shoots an arrow.
The arrow barely misses you.
The centaur shoots an arrow.
The arrow hits you but does no damage.
You nearly stumble into some deep water!
The centaur shoots an arrow.
The arrow barely misses you.
The centaur shoots an arrow.
The arrow hits you!
You enter the shallow water.
Moving in this stuff is going to be slow.
The centaur shoots an arrow.
The arrow hits you but does no damage.
The centaur shoots an arrow.
The arrow barely misses you.
The centaur shoots an arrow.
The arrow hits you!
You bump into the rock wall.
The centaur shoots an arrow.
The arrow hits you. The orc wizard casts a spell at you.
The magic dart hits you but does no damage.
You bump into the rock wall.
The centaur shoots an arrow.
The arrow hits you.
The centaur shoots an arrow.
The arrow hits you.
You bump into the rock wall.
The centaur shoots an arrow.
The arrow hits you.
* * * LOW HITPOINT WARNING * * *
The centaur shoots an arrow.
The arrow hits you.
* * * LOW HITPOINT WARNING * * *
The centaur shoots an arrow.
The arrow hits you.
* * * LOW HITPOINT WARNING * * *
The centaur shoots an arrow.
The arrow barely misses you.
The centaur shoots an arrow.
The arrow hits you but does no damage.
The centaur shoots an arrow.
The arrow hits you but does no damage.
You enter the shallow water.
Moving in this stuff is going to be slow.
You feel less confused.
The centaur shoots an arrow.
You block the arrow.
The centaur shoots an arrow.
You block the arrow.
The centaur shoots an arrow.
The arrow hits you.
* * * LOW HITPOINT WARNING * * *
The centaur shoots an arrow.
The arrow hits you!
You die...
Your body crumbles into a pile of gold.

#...#.#^####...[......
###########.#.#....#.######.
#................#.#.#
#.#########.#.#..#[#.#
#.#.........#....#[#.#
#.#...#######..#.#.#.#
#<.(..oo.......#.#)#..
#####.#######.##.#(########..
............#.##@#..........#
#####.####.##.##.~≈≈~≈≈≈≈≈≈≈≈
......# #.##.≈≈~≈≈~~~~~~≈
####### .....≈~≈≈c≈≈≈≈≈≈~
#####≈~≈c≈≈~~~~≈≈ ####
#≈~≈~≈o≈≈≈≈~≈ ...##
#≈~≈~≈...~≈≈~ ....#
#≈~≈~≈...≈~≈~ ...>..
.≈~≈≈~...≈~≈


You could see 2 centaurs and an orc wizard (invisible).

Vanquished Creatures
  Grinder (D:3)
  2 steam dragons
  Edmund (D:4)
  A water moccasin (D:5)
  Duvessa (D:5)
  2 orc warriors (D:6)
  A sky beast (D:7)
  2 black bears (D:5)
  4 ice beasts
  An ogre (D:7)
  A centaur (D:7)
  4 phantoms
  2 bullfrogs
  Blork the orc (D:5)
  A scorpion (D:5)
  Dowan (D:5)
  4 killer bees (D:7)
  Crazy Yiuf (D:3)
  A jelly (D:6)
  An orc priest (D:7)
  A gnoll bouda (D:6)
  4 hounds
  Jessica (D:3)
  2 iguanas
  2 orc wizards
  Ijyb (D:5)
  Robin (D:2)
  8 adders
  4 gnolls (D:6)
  2 white imps
  2 ufetubi
  A worm (D:3)
  2 dart slugs
  16 orcs
  3 ball pythons
  5 bats
  6 endoplasms
  4 giant cockroaches
  11 goblins
  8 hobgoblins
  4 kobolds
  2 quokkas
  2 frilled lizards
  6 rats
131 creatures vanquished.

Vanquished Creatures (others)
  A fungus (D:3)
  33 plants (D:3)
34 creatures vanquished.

Grand Total: 165 creatures vanquished

Notes
Turn   | Place    | Note
-------+----------+-------------------------------------------
     0 | D:1      | GorkyZ the Formicid Fighter began the quest for the Orb.
     0 | D:1      | Reached XP level 1. HP: 18/18 MP: 1/1
   161 | D:1      | Found a faded altar of an unknown god.
   281 | D:1      | Reached XP level 2. HP: 24/24 MP: 2/2
  1378 | D:2      | Reached XP level 3. HP: 27/29 MP: 3/3
  1406 | D:2      | Noticed Robin
  1418 | D:2      | Killed Robin
  1419 | D:2      | Reached skill level 1 in Evocations
  1434 | D:2      | Reached XP level 4. HP: 33/35 MP: 4/4
  1435 | D:2      | Reached skill level 1 in Throwing
  2192 | D:3      | Noticed Grinder
  2224 | D:3      | Killed Grinder
  2225 | D:3      | Reached skill level 1 in Dodging
  2225 | D:3      | Reached XP level 5. HP: 27/42 MP: 5/5
  2225 | D:3      | Reached XP level 6. HP: 31/48 MP: 6/6
  2548 | D:3      | Reached skill level 5 in Shields
  2940 | D:3      | Noticed Jessica
  2946 | D:3      | Killed Jessica
  3147 | D:3      | Found a runed translucent door.
  3152 | D:3      | Noticed Crazy Yiuf
  3742 | D:4      | Found a staircase to the Ecumenical Temple.
  3747 | Temple   | Entered the Ecumenical Temple
  3839 | Temple   | Became a worshipper of Gozag Ym Sagoz the Greedy
  3904 | D:4      | Found a stormy altar of Qazlal.
  3947 | D:4      | Reached XP level 7. HP: 50/54 MP: 7/7
  4049 | D:4      | Noticed Edmund
  4106 | D:4      | Killed Edmund
  4545 | D:5      | Entered Level 5 of the Dungeon
  4566 | D:5      | Noticed Blork the orc
  4588 | D:5      | Killed Blork the orc
  4594 | D:5      | Reached XP level 8. HP: 42/61 MP: 8/8
  4883 | D:5      | Noticed Ijyb
  4895 | D:5      | Killed Ijyb
  4975 | D:5      | Noticed Duvessa
  4978 | D:5      | Noticed Dowan
  4996 | D:5      | Killed Duvessa
  4997 | D:5      | Reached skill level 5 in Armour
  5007 | D:5      | Killed Dowan
  5131 | D:5      | Reached skill level 5 in Fighting
  5131 | D:5      | Reached skill level 6 in Shields
  5519 | D:5      | Found a sacrificial altar of Ru.
  5537 | D:5      | Reached XP level 9. HP: 35/68 MP: 9/9
  6243 | D:3      | Killed Crazy Yiuf
  6981 | D:6      | Reached skill level 7 in Shields
  7280 | D:6      | You fall into a shaft and drop 2 floors!
  7280 | D:8      | Found a glowing golden altar of the Shining One.
  7303 | D:8      | Reached skill level 5 in Polearms
  7334 | D:8      | Reached skill level 5 in Evocations
  8299 | D:6      | Reached XP level 10. HP: 76/76 MP: 10/10
  8322 | D:6      | Identified a scroll of acquirement
  8322 | D:6      | Acquired the +1 kite shield of Contentment {Str+2 Dex+4
                  | Stlth+}
  9102 | D:7      | Shot with an arrow by a centaur

Illustrated notes

Levels and vault maps discovered:
D:1:      dpeg_arrival_connections, layout_basic,
          chequers_ecumenical_altar_grove, chequers_big_river,
          amcnicky_mini_rare_corridor_liquid
D:2:      layout_loops_corners, uniq_robin
D:3:      minmay_thinvault, layout_loops_ring, serial_bayou_lake_a,
          uniq_crazy_yiuf_cottage, uniq_jessica, uniq_grinder
D:4:      layout_rooms, nicolae_qazlal_general_emergency,
          minmay_temple_entry_nine_rooms, serial_curves, eino_curves_04,
          eino_curves_03, uniq_edmund
D:5:      layout_loops_ring, old_standard_altar, uniq_ijyb, uniq_duvessa,
          uniq_blork_the_orc
D:6:      layout_basic
D:7:      nicolae_whirlpool, layout_basic
D:8:      minmay_ornate_pinched, layout_basic, amcnicky_altar_gilded
Temple:   nicolae_temple_bog_church

Skill      XL: |  1  2  3  4  5  6  7  8  9 |
---------------+----------------------------+-----
Evocations     | 1 2 3 4 5 |  5.4
Throwing       | 1 2 3 4 |  4.9
Fighting       | 4 5 6 |  6.5
Armour         | 4 5 6 |  6.5
Dodging        | 1 2 3 4 |  4.4
Shields        | 5 6 7 |  7.8
Polearms       | 3 4 5 |  5.4

Action                   |  1- 3 |  4- 6 |  7- 9 | 10-12 || total
-------------------------+-------+-------+-------+-------++-------
Melee: Trident           |    76 |   175 |   351 |    74 ||   676
Throw: Dart              |       |     6 |    24 |       ||    30
  Use: Potion            |     2 |     2 |     1 |       ||     5
       Scroll            |       |     9 |     7 |     1 ||    17
 Stab: Invisible         |       |       |     2 |       ||     2
       Distracted        |       |       |     1 |       ||     1
Armor: Scale mail        |     2 |       |       |       ||     2
       Plate armour      |    44 |   106 |   179 |    69 ||   398
Dodge: Dodged            |    23 |    62 |   112 |    52 ||   249
Block: Buckler           |    25 |    33 |    89 |     1 ||   148
       Kite shield       |       |       |       |    86 ||    86
